 Dungeon Crawl Stone Soup version 0.22-a0-799-g88f5e90 (webtiles) character file.

1291 Amnesiac the Magician (level 8, -4/52 HPs)
             Began as a Mummy Earth Elementalist on July 21, 2018.
             Was a Follower of Vehumet.
             Slain by an unseen horror (6 damage)
             ... on level 6 of the Dungeon.
             The game lasted 00:10:57 (5283 turns).

Amnesiac the Magician (Mummy Earth Elementalist)    Turns: 5283, Time: 00:10:58

Health: -4/52      AC:  5    Str: 12    XL:     8   Next: 30%
Magic:  19/19      EV: 12    Int: 20    God:    Vehumet [*.....]
Gold:   453        SH:  0    Dex: 12    Spells: 4/21 levels left

rFire    x . .     SeeInvis .   b - +0 dagger (protect)
rCold    + . .     Gourm    .   (no shield)
rNeg     + + +     Faith    .   c - +0 robe
rPois    ∞         Spirit   .   s - +0 helmet
rElec    .         Reflect  .   n - +1 cloak
rCorr    .         Harm     .   (no gloves)
MR       +....     Rnd*Tele +   (no boots)
Stlth    ++........             (no amulet)
HPRegen  0.17/turn              f - ring of teleportation (curse)
MPRegen  0.16/turn              q - +4 ring of intelligence

@: no status effects
A: no food or potions, fire vulnerability, cold resistance 1, negative energy
resistance 3, torment resistance, unbreathing
a: Renounce Religion


You were on level 6 of the Dungeon.
You worshipped Vehumet.
Vehumet was aware of your devotion.
You were not hungry.

You visited 2 branches of the dungeon, and saw 7 of its levels.

You collected 453 gold pieces.

Inventory:

Hand Weapons
 a - a +0 hunting sling
 b - a +0 dagger of protection (weapon)
 t - a +0 blowgun
 v - a +0 halberd
Missiles
 g - 52 stones (quivered)
 u - 31 poisoned needles
Armour
 c - a +0 robe (worn)
 n - a +1 cloak (worn)
 s - a +0 helmet (worn)
Jewellery
 f - a cursed ring of teleportation (left hand)
 h - an uncursed ring of protection from fire
 q - a +4 ring of intelligence (right hand)
 r - an uncursed ring of see invisible
Wands
 k - a wand of iceblast (4)
Scrolls
 d - 2 scrolls of identify {!r}
 e - 2 scrolls of enchant weapon {!r}
 i - a scroll of blinking {!r}
 j - 2 scrolls of teleportation {!r}
 l - 5 scrolls of magic mapping {!r}
 m - a scroll of immolation {!r}
 o - 3 scrolls of amnesia {!r}
 p - 2 scrolls of enchant armour {!r}


   Skills:
 - Level 1.5 Dodging
 - Level 1.5 Stealth
 + Level 7.4 Spellcasting
 - Level 0.7 Transmutations
 * Level 7.4 Earth Magic


You had 4 spell levels left.
You knew the following spells:

 Your Spells              Type           Power        Failure   Level  Hunger
a - Sandblast             Erth           #####.       1%          1    N/A
b - Passwall              Tmut/Erth      ###.....     2%          2    N/A
c - Stone Arrow           Conj/Erth      ###...       6%          3    N/A
d - Lee's Rapid Deconstr  Erth           #####.....   12%         5    N/A
e - Petrify               Tmut/Erth      ###.....     17%         4    N/A
f - Corpse Rot            Necr           N/A          14%         2    N/A

Your spell library contained the following spells:

 Spells                   Type           Power        Failure   Level  Hunger


Dungeon Overview and Level Annotations

Branches:
Dungeon (6/15)             Temple (1/1) D:6

Altars:
Ashenzari
Dithmenos
Fedhas
Okawaru
Qazlal
Trog
Uskayaw
Vehumet
Xom
Zin
The Shining One


Innate Abilities, Weirdness & Mutations

You do not eat or drink.
Your flesh is vulnerable to fire.
You are immune to poison.
Your flesh is cold resistant. (rC+)
You are immune to negative energy. (rN+++)
You are immune to unholy pain and torment.
You can survive without breathing.


Message History

Confirm with . or Enter, or press ? or * to list all spells.
Aiming: Lee's Rapid Deconstruction (slightly dangerous; 13% risk of failure)
Press: ? - help, Dir - move target cursor A rock wall.
You miscast Lee's Rapid Deconstruction.
You are very lightly contaminated with residual magic.
Sand pours from your hands.
Unknown command.
Evoke which item? (* to show all) (? for menu, Esc to quit)
Aiming: Iceblast
Press: ? - help, Shift-Dir - straight line, f - sky beast
Aim: a sky beast The mass of ice explodes!
The iceblast engulfs the sky beast.
The sky beast is moderately wounded.
Evoke which item? (* to show all) (? for menu, Esc to quit)
Aiming: Iceblast
Press: ? - help, Shift-Dir - straight line, f/p - sky beast
Aim: a sky beast (moderately wounded)
The mass of ice explodes!
The iceblast engulfs the sky beast.
The sky beast is almost dead.
Evoke which item? (* to show all) (? for menu, Esc to quit)
Aiming: Iceblast
Press: ? - help, Shift-Dir - straight line, f/p - sky beast
Aim: a sky beast (almost dead)
The mass of ice explodes!
The iceblast engulfs the sky beast.
You kill the sky beast!
Vehumet accepts your kill.
You start resting.
Your magical contamination has completely faded away.
Found 23 arrows.
Found a bubbling yellow potion.
You see here a bubbling yellow potion {!q}.
Found a stone staircase leading up.
You now have 444 gold pieces (gained 11).
You now have 453 gold pieces (gained 9).
Magic restored.
You enter a teleport trap!
The teleport trap disappears.
Your surroundings suddenly seem different.
Found a hand axe.
You see here a hand axe.
Something hits you!
* * * LOW HITPOINT WARNING * * *
Deactivating autopickup; reactivate with Ctrl-A.
Something hits you!
* * * LOW HITPOINT WARNING * * *
Something hits you.
* * * LOW HITPOINT WARNING * * *
Something hits you but does no damage. Something hits you.
* * * LOW HITPOINT WARNING * * *
Something hits you but does no damage. Something barely misses you.
Something barely misses you. Something hits you but does no damage.
Okay, then.
Something hits you.
* * * LOW HITPOINT WARNING * * *
Okay, then.
Something hits you!
* * * LOW HITPOINT WARNING * * *
Okay, then.
Okay, then.
Something hits you.
You die...

..######.....#.##
................#
.#######........#
................#
......#######.[.##
.####.#.....<....# .#
#.#.###..#...######.
##
#.#.................
.# #.###.######@######
.####.........{{..#
.#............###.##
.#...........[# #..#
.#............# #..#
.#............# #..#
.#####+#......###..###
.##.....##...........#
###.....##.......#...#


There were no monsters in sight!

Vanquished Creatures
  2 sky beasts
  An ice beast (D:6)
  2 phantoms (D:6)
  A big kobold (D:6)
  4 wights (D:6)
  A howler monkey (D:5)
  4 crimson imps
  2 orc priests (D:5)
  Jessica (D:3)
  4 orc wizards
  2 worker ants
  An iguana (D:6)
  6 adders
  2 shadow imps
  2 oozes (D:6)
  2 adder skeletons
  2 dart slugs
  4 worms
  2 leopard geckos
  10 orcs
  7 giant cockroaches
  6 goblins
  2 hobgoblins
  2 quokkas
  3 ball pythons
  7 bats
  5 frilled lizards
  7 kobolds
  A leopard gecko skeleton (D:4)
  A quokka zombie (D:5)
  4 rats
100 creatures vanquished.

Notes
Turn   | Place    | Note
-------+----------+-------------------------------------------
     0 | D:1      | Amnesiac the Mummy Earth Elementalist began the quest for the Orb.
     0 | D:1      | Reached XP level 1. HP: 13/13 MP: 4/4
   192 | D:1      | Reached XP level 2. HP: 14/19 MP: 3/5
   201 | D:1      | Learned a level 2 spell: Passwall
   761 | D:2      | You fall through a shaft!
   909 | D:4      | Reached XP level 3. HP: 24/24 MP: 7/7
   914 | D:4      | Learned a level 3 spell: Stone Arrow
  1398 | D:5      | Entered Level 5 of the Dungeon
  1436 | D:5      | Reached XP level 4. HP: 21/30 MP: 5/9
  1442 | D:5      | Learned a level 4 spell: Petrify
  1586 | D:5      | Reached XP level 5. HP: 23/35 MP: 5/11
  1613 | D:5      | Noticed a sky beast
  1624 | D:5      | Found a stormy altar of Qazlal.
  1882 | D:5      | Found a blossoming altar of Fedhas.
  1917 | D:5      | Killed a sky beast
  1917 | D:5      | Reached XP level 6. HP: 26/41 MP: 1/13
  2118 | D:5      | Reached skill level 5 in Spellcasting
  2122 | D:5      | Reached skill level 5 in Earth Magic
  2594 | D:6      | Learned a level 5 spell: Lee's Rapid Deconstruction
  2624 | D:6      | Found a staircase to the Ecumenical Temple.
  2636 | Temple   | Entered the Ecumenical Temple
  2685 | Temple   | Became a worshipper of Vehumet
  3563 | D:3      | Found a shattered altar of Ashenzari.
  3585 | D:3      | Found a faded altar of an unknown god.
  3982 | D:3      | Noticed Jessica
  3998 | D:3      | Killed Jessica
  3998 | D:3      | Reached XP level 7. HP: 43/46 MP: 12/15
  4001 | D:3      | Identified Jessica's Reference Book on Necromancy
  4009 | D:3      | Learned a level 2 spell: Corpse Rot
  4808 | D:6      | Reached * piety under Vehumet
  4808 | D:6      | Offered knowledge of Flame Tongue by Vehumet.
  5051 | D:6      | Reached XP level 8. HP: 36/52 MP: 0/18
  5282 | D:6      | HP: 2/52 [something (12)]
  5283 | D:6      | Slain by an unseen horror

Vault maps used:
D:1:      tarquinn_simple_flora_water_f, due_unseen_surprise
D:3:      ashenzari_altar_1, chequers_ecumenical_altar_twisty,
          kennysheep_jessica_study
D:4:      kennysheep_nub
D:5:      grunt_temple_overflow_forces_of_nature, first_ration
D:6:      minmay_temple_entry_water_ring, uniq_edmund
Temple:   regret_index_temple_waves

Skill      XL: |  1  2  3  4  5  6  7  8 |
---------------+-------------------------+-----
Spellcasting   | 3 4 5 6 7 |  7.4
Earth Magic    | 3 4 5 6 7 |  7.4
Dodging        | |  1.5
Stealth        | |  1.5
Transmutations | |  0.7

Action                   |  1- 3 |  4- 6 |  7- 9 || total
-------------------------+-------+-------+-------++-------
Melee: Unarmed           |    26 |       |       ||    26
       Dagger            |    37 |   228 |    82 ||   347
       Halberd           |       |       |    18 ||    18
 Fire: Hunting sling     |    22 |       |       ||    22
 Cast: Sandblast         |    18 |    55 |    28 ||   101
       Passwall          |     2 |       |       ||     2
       Lee's Rapid Decon |       |       |     4 ||     4
       Corpse Rot        |       |       |     1 ||     1
Evoke: Wand              |       |       |     3 ||     3
  Use: Scroll            |     1 |     6 |     2 ||     9
 Stab: Sleeping          |     1 |     2 |       ||     3
       Distracted        |       |     1 |       ||     1
Armor: Robe              |    25 |   101 |    57 ||   183
Dodge: Dodged            |    39 |   178 |    91 ||   308

Table legend:
 A = Spawn XP
 B = Non-spawn XP
 C = Spawn XP percentage of total XP
 D = Spawn monster count
 E = Non-spawn monster count
 F = Spawn count percentage of total count
 G = Total turns spent on level
                    A         B        C        D         E        F      G
               +---------+---------+-------+---------+---------+-------+---------
         Total |       0 |    1845 |   0.0 |       0 |     100 |   0.0 |  5283
               +---------+---------+-------+---------+---------+-------+---------
           D:1 |       0 |      30 |   0.0 |       0 |      19 |   0.0 |   723
           D:2 |       0 |      53 |   0.0 |       0 |      11 |   0.0 |   661
           D:3 |       0 |      97 |   0.0 |       0 |      14 |   0.0 |  1066
           D:4 |       0 |      27 |   0.0 |       0 |       8 |   0.0 |   658
           D:5 |       0 |     470 |   0.0 |       0 |      19 |   0.0 |  1195
           D:6 |       0 |    1120 |   0.0 |       0 |      28 |   0.0 |   906
        Temple |       0 |      48 |   0.0 |       0 |       1 |   0.0 |    74
               +---------+---------+-------+---------+---------+-------+---------
